 Dungeon Crawl Stone Soup version 0.31.0-11-ge490571c62 (webtiles) character file.

Game seed: 12831875048774089380

97 qw the Shooter (level 4, -2/22 HPs)
             Began as a Spriggan Hunter on Feb 4, 2024.
             Slain by a goblin
             ... wielding a +0 dagger
             ... led by Robin
              (6 damage)
             ... on level 3 of the Dungeon.
             The game lasted 00:00:05 (1871 turns).

qw the Shooter (Spriggan Hunter)                    Turns: 1871, Time: 00:00:05

Health: -2/22      AC:  2    Str:  7    XL:     4   Next: 42%
Magic:  5/5        EV: 20    Int: 10    God:
Gold:   81         SH:  0    Dex: 20    Spells: 3/3 levels left

rFire   . . .        a - +1 shortbow (chaos)
rCold   . . .        (shield currently unavailable)
rNeg    . . .        c - +0 robe
rPois   .            (helmet restricted)
rElec   .            (no cloak)
rCorr   .            (gloves unavailable)
SInv    +            (boots unavailable)
Will    .....        (no amulet)
Stlth   ++           (no ring)
HPRegen 0.23/turn    (no ring)
MPRegen 0.09/turn

%: no passive effects
@: very quick
A: very small, no large weapons, unfitting armour, see invisible, speed 3
a: no special abilities


You were on level 3 of the Dungeon.
You visited 1 branch of the dungeon, and saw 3 of its levels.

You collected 81 gold pieces.


Innate Abilities, Weirdness & Mutations

You are very small and have problems with some larger weapons.
You are too small for most types of armour.
You have supernaturally acute eyesight. (SInv)
You cover ground extremely quickly. (Speed+++)


   Skills:
 - Level 1.5 Fighting
 - Level 5.0 Ranged Weapons
 + Level 4.9 Dodging
 - Level 1.5 Stealth


You had 3 spell levels left.
You didn't know any spells.
Your spell library was empty.

Inventory:

Hand Weapons
 a - a +1 shortbow of chaos (weapon)
Armour
 c - a +0 robe (worn)
Potions
 b - a potion of enlightenment {unknown}
 d - a potion of might {unknown}
 f - a potion of lignification {unknown}
 g - a potion of heal wounds {unknown}
 i - a potion of curing {unknown}

Dungeon Overview and Level Annotations

Branches:
Dungeon (3/15)

Altars:

Annotations:
D:3 Robin


Message History

The goblin is severely wounded.
The hobgoblin completely misses you. The goblin closely misses you.
The goblin misses you. Robin throws the goblin at you!
An endoplasm comes into view.
You shoot an arrow. The frilled lizard hisses angrily.
The endoplasm quivers.
The arrow hits the goblin.
You feel better.
You kill the goblin!
The goblin hits you with a +0 dagger. The goblin closely misses you.
The hobgoblin misses you. The orc hits you with a +0 short sword.
The goblin misses you.
You shoot an arrow. The arrow closely misses the orc.
The goblin closely misses you. The orc hits you with a +0 club.
The goblin hits you with a +0 dagger. The hobgoblin hits you.
The goblin barely misses you. The goblin misses you.
The orc hits you with a +0 short sword.
You shoot an arrow. The arrow hits the orc!
You kill the orc!
The goblin hits you with a +0 dagger. The goblin misses you.
The hobgoblin barely misses you. The goblin barely misses you.
The goblin closely misses you. The orc hits you but does no damage.
You shoot an arrow. The arrow hits the orc.
The orc is poisoned.
The orc is severely wounded.
The goblin barely misses you. x2; The hobgoblin barely misses you.
The goblin barely misses you. The goblin misses you.
The orc hits you but does no damage.
You shoot an arrow. The arrow hits the orc!
The arrow freezes the orc.
You kill the orc!
The hobgoblin hits you. The goblin completely misses you.
The goblin misses you. The goblin completely misses you.
The hobgoblin misses you. The hobgoblin closely misses you.
The adder closely misses you.
You shoot an arrow.
The arrow hits the adder but does no damage.
The goblin completely misses you. The goblin hits you with a +0 dagger.
The goblin closely misses you. The hobgoblin closely misses you.
The hobgoblin completely misses you. The goblin barely misses you.
The hobgoblin closely misses you. The adder closely misses you.
The goblin hits you with a +0 dagger.
You die...

........#.# ##
........#.#..
........#.#.###
#####.............
#...#.............
...^............<
#......ggS$.....
#......g@gg.....
#.##.....gggg.....
#.........glJ.....
..#####........)....
....................
###########.............
........(.............).
##......###..........)..
.........##............


You could see Robin, an adder, an endoplasm, 5 hobgoblins, 4 goblins and a
frilled lizard.

Vanquished Creatures
  3 adders (D:2)
  A ribbon worm (D:2)
  2 dart slugs (D:2)
  5 orcs
  9 ball pythons
  11 endoplasms
  2 giant cockroaches
  6 goblins
  4 hobgoblins
  4 bats
  3 frilled lizards (D:2)
  5 rats
55 creatures vanquished.

Notes
Turn   | Place    | Note
-------+----------+-------------------------------------------
     0 | D:1      | qw the Spriggan Hunter began the quest for the Orb.
     0 | D:1      | Reached XP level 1. HP: 10/10 MP: 2/2
     0 | D:1      | 0 ||| qw: Version: 0.3-a-160-g6735b56
     0 | D:1      | 0 ||| qw: Game counter: 5072
     0 | D:1      | 0 ||| qw: Melee chars always use a shield: true
     0 | D:1      | 0 ||| qw: God list: Okawaru
     0 | D:1      | 0 ||| qw: Allow faded altars: false
     0 | D:1      | 0 ||| qw: Do Orc after clearing Dungeon:15 true
     0 | D:1      | 0 ||| qw: Do second Lair branch before Depths: true
     0 | D:1      | 0 ||| qw: Lair rune preference: random
     0 | D:1      | 0 ||| qw: Goals: Normal
     0 | D:1      | 0 ||| PLANNING D:1-11
    74 | D:1      | Reached skill level 3 in Dodging
   262 | D:1      | Reached XP level 2. HP: 14/14 MP: 3/3
  1013 | D:1      | 1013 ||| READING scroll labelled KAXUVU COZXA.
  1018 | D:1      | 1018 ||| READING scroll labelled WYOJ BONT.
  1018 | D:1      | 1018 ||| ENCHANTING +0 shortbow.
  1019 | D:1      | 1019 ||| READING scroll labelled DIXOYZXERO.
  1020 | D:1      | 1020 ||| READING scroll labelled LAPHIU GAMIEWI.
  1020 | D:1      | 1020 ||| BRANDING +1 shortbow.
  1021 | D:1      | 1021 ||| DROPPING scroll of butterflies.
  1122 | D:2      | Reached XP level 3. HP: 18/18 MP: 4/4
  1233 | D:2      | Reached skill level 5 in Ranged Weapons
  1308 | D:2      | Reached XP level 4. HP: 22/22 MP: 5/5
  1791 | D:2      | 1791 ||| READING 3 scrolls labelled APOUCU TOANU.
  1792 | D:2      | 1792 ||| READING scroll labelled DIUCSUU REPIAM.
  1793 | D:2      | 1793 ||| DROPPING 2 scrolls of blinking.
  1860 | D:3      | Noticed Robin
  1871 | D:3      | HP: 4/22 [goblin/+0 dagger[Robin] (3)]
  1871 | D:3      | Slain by a goblin

Levels and vault maps discovered:
D:1:      saegor_arrival_fortress, layout_loops_corners
D:2:      minmay_diamond_boxcup, layout_loops_ring
D:3:      layout_basic, okawaru_gym_becter, goddamned_bats, uniq_robin

Skill      XL: |  1  2  3 |
---------------+----------+-----
Dodging        | 3 4 |  4.9
Ranged Weapons | 5 |  5.0
Fighting       | |  1.5
Stealth        | |  1.5

Action                     |  1- 3 |  4- 6 || total
---------------------------+-------+-------++-------
   Fire: Shortbow          |    73 |    39 ||   112
    Use: Scroll            |     4 |     2 ||     6
 Armour: Robe              |     6 |    15 ||    21
  Dodge: Dodged            |    16 |    37 ||    53

Table legend:
 A = Non-vault XP
 B = Vault XP
 C = Vault XP percentage of total XP
 D = Non-vault monster count
 E = Vault monster count
 F = Vault count percentage of total count
                 A         B        C        D         E       F
            +---------+---------+-------+---------+---------+-------
      Total |     110 |      29 |  20.9 |      43 |      12 |  21.8
            +---------+---------+-------+---------+---------+-------
        D:1 |      22 |       0 |   0.0 |      14 |       0 |   0.0
        D:2 |      75 |      23 |  23.5 |      24 |       9 |  27.3
        D:3 |      13 |       6 |  31.6 |       5 |       3 |  37.5
            +---------+---------+-------+---------+---------+-------
